 Dungeon Sprint DCSS version 0.31-a0-1074-g0b22e4e0f1 (webtiles) character file.

Game seed: 2553550236426415025

160 sircluck the Ruffian (level 5, -1/59 HPs)
             Began as a Troll Berserker on Dec 8, 2023.
             Was a Believer of Trog.
             Slain by a killer bee (2 damage)
             ... in the Dungeon (Sprint IV: "Fedhas' Mad Dash").
             The game lasted 00:00:54 (161 turns).

sircluck the Ruffian (Troll Berserker)               Turns: 161, Time: 00:00:55

Health: -1/59      AC:  4    Str: 27    XL:     5   Next: 17%
Magic:  4/4        EV: 11    Int:  3    God:    Trog [**....]
Gold:   94         SH:  0    Dex:  9    Spells: 4/4 levels left

rFire   . .          .
                       - Unarmed
rCold   . . .        (no shield)
rNeg    . . .        a - +0 animal skin
rPois   .            (helmet restricted)
rElec   .            (no cloak)
rCorr   .            (gloves unavailable)
SInv    .            (boots unavailable)
Will    .....        i - amulet of invisibility {+Inv}
Stlth   +            (no ring)
HPRegen 1.09/turn    (no ring)
MPRegen 0.09/turn

%: no teleportation
@: lethally poisoned (-1 -> -3), very slightly contaminated
A: large, unfitting armour, claws 3, regeneration 1, shaggy fur 1, tough skin 1
a: Renounce Religion, Evoke Invisibility, Berserk, Trog's Hand


You were in the Dungeon.
You worshipped Trog.
Trog was pleased with you.
You visited 1 branch You collected 94 gold pieces.

Inventory:

Armour
 a - a +0 animal skin (worn)
Jewellery
 i - the amulet of invisibility (around neck) {+Inv}
   (You found it in the Dungeon)

   [amulet of nothing]

   +Inv:      It lets you turn invisible.
Scrolls
 h - a scroll of fog {unknown}
Potions
 b - a potion of curing
 c - a potion of heal wounds
 d - a potion of haste
 e - 2 potions of magic
 f - a potion of berserk rage


   Skills:
 + Level 5.6 Fighting
 + Level 5.6 Dodging
 + Level 6.7 Unarmed Combat


You had 4 spell levels left.
You didn't know any spells.
Your spell library was empty.

Dungeon Overview and Level Annotations

Branches:
Dungeon (1/1)

Altars:


Innate Abilities, Weirdness & Mutations

You are too large for most types of armour.
You have claws for hands.
Your natural rate of healing is unusually fast.
You are covered in fur. (AC +1)
You have tough skin. (AC +1)


Message History

You are more poisoned.
The killer bee poisons you! The killer bee barely misses you.
The killer bee stings you!
* * * LOW HITPOINT WARNING * * *
The killer bee misses you.
Unknown command.
Blink to where?
Press: ? - help, Q - select action, (/) - cycle Dir - move target
As you read the scroll of blinking, it crumbles to dust.
You feel very sick.
You feel very sick.
You feel sick.
There is an open door here.
You feel sick.
You flicker back into view.
You feel sick.
There is an open door here.
You feel sick.
You feel sick.
You start resting.
You feel sick.
A killer bee is nearby!
You claw the killer bee! Your claw misses the killer bee.
The killer bee is almost dead.
You feel sick. The killer bee closely misses you.
You scratch the killer bee.
You kill the killer bee!
Trog accepts your kill.
You feel sick.
You are no longer poisoned.
The killer bee completely misses you.
You have reached level 5!
Unknown command.
Unknown command.
You miss the killer bee. The killer bee stings you!
* * * LOW HITPOINT WARNING * * *
You are lethally poisoned!
The killer bee poisons you!
The killer bee stings you but does no damage.
The killer bee stings you.
You die...

##################
#<..P#.....#.....#
#PP..'..†..'.#...+
#PPPP#.....#.#@y.#
###############y##
♣.y.yy...'...#
#....yy♣.....#...#
#....y♣..♣..######
##+####+#####


You could see 2 killer bees.

Vanquished Creatures
  A scorpion (D)
  A killer bee (D)
  2 oklob saplings (D)
  A river rat (D)
  A rat (D)
6 creatures vanquished.

Notes
Turn   | Place    | Note
-------+----------+-------------------------------------------
     0 | D        | sircluck the Troll Berserker began the quest for the Orb.
     0 | D        | Reached XP level 1. HP: 22/22 MP: 0/0
    18 | D        | Reached XP level 2. HP: 16/31 MP: 1/1
    38 | D        | Noticed an oklob sapling
    63 | D        | Killed an oklob sapling
    63 | D        | Reached ** piety under Trog
    64 | D        | Reached skill level 4 in Unarmed Combat
    64 | D        | Reached XP level 3. HP: 39/39 MP: 2/2
    65 | D        | Noticed a scorpion
    65 | D        | Found the amulet of invisibility {+Inv}
    73 | D        | Killed a scorpion
    74 | D        | Reached skill level 5 in Unarmed Combat
    74 | D        | Reached XP level 4. HP: 42/49 MP: 3/3
   121 | D        | Reached skill level 5 in Fighting
   121 | D        | Reached skill level 5 in Dodging
   121 | D        | Reached skill level 6 in Unarmed Combat
   140 | D        | Noticed a queen bee
   161 | D        | Reached XP level 5. HP: 7/59 MP: 4/4
   161 | D        | HP: 1/59 [killer bee (7)]
   161 | D        | Slain by a killer bee

Illustrated notes

Levels and vault maps discovered:
D:        dungeon_sprint_fedhas [sprint_temple]

Skill      XL: |  1  2  3  4 |
---------------+-------------+-----
Fighting       | 3 4 5 |  5.6
Dodging        | 3 4 5 |  5.6
Unarmed Combat | 4 5 6 |  6.7

Action                     |  1- 3 |  4- 6 || total
---------------------------+-------+-------++-------
  Melee: Unarmed           |    24 |    11 ||    35
Ability: Evoke Invisibilit |       |     1 ||     1
    Use: Scroll            |       |     1 ||     1
 Armour: Animal skin       |    17 |    13 ||    30
  Dodge: Dodged            |    13 |    15 ||    28

Table legend: (Time is in decaauts)
 A = Elapsed time spent in this place.
 B = Non-inter-level travel time spent in this place.
 C = Inter-level travel time spent in this place.
 D = Time resting spent in this place.
 E = Time spent auto-exploring this place.
 F = Levels seen in this place.
 G = Mean time per level.
                   A        B        C        D        E       F      G
               +--------+--------+--------+--------+--------+-----+--------+
         Total |    158 |    158 |      0 |     44 |     36 |   1 |  158.0 |
       Dungeon |    158 |    158 |      0 |     44 |     36 |   1 |  158.0 |
               +--------+--------+--------+--------+--------+-----+--------+

Top non-repeatable levels by time:
       D: 158 daAuts
